AoeStats
← Comend x comend

African Clearing

506998325Analyzed
4v4 RM · 16d ago on Sep 16, 2026· 33m 25s· 8 players
Game mode
Random Map
Map size
Large (8 player)
Population
200
Speed
Normal
Resources
Standard
Victory
Conquest
Starting age
Dark Age
Ending age
Imperial Age
RankedLock teamsTeams togetherTeam positionsShared explorationLock speedFull tech treeHidden civsTurbo modeCheats
Victory
Defeat
🇧🇷 Sicilians · Brazil
1479
+14
🇲🇽 Mapuche · Mexico
1470
+14
🇲🇽 Berbers · Mexico
1442
+15
🇵🇪 Mongols · Peru
1393
+17
🇹🇼 Goths · Taiwan
1579
-21
🇵🇪 Magyars · Peru
1411
-14
🇵🇪 Italians · Peru
1393
-14
🇹🇷 Bulgarians · Türkiye
1325
-11
sgt peppers s
11:27 Loom
13:33 Feudal Age
16:01 Double-Bit Axe
18:24 Castle Age
16:34 Gold Mining
16:50 Fletching
17:57 Padded Archer Armor
19:29 Wheelbarrow
19:02 Bodkin Arrow
20:33 Bow Saw
25:56 Gold Shaft Mining
25:04 Horse Collar
32:43 Hand Cart
32:53 Ballistics
33:48 Heavy Plow
JR | cristopher7gc
8:12 Loom
12:16 Feudal Age
15:56 Double-Bit Axe
19:46 Castle Age
18:54 Gold Mining
18:47 Horse Collar
19:53 Bloodlines
20:14 Forging
26:04 Scale Barding Armor
28:07 Husbandry
31:36 Chain Barding Armor
32:15 Fletching
33:59 Wheelbarrow
Comend x comend
8:38 Loom
11:57 Feudal Age
18:30 Castle Age
17:18 Double-Bit Axe
17:36 Gold Mining
27:58 Wheelbarrow
27:57 Town Watch
31:14 Husbandry
32:05 Bloodlines
31:59 Horse Collar
PoopMaster
8:22 Loom
23:57 Feudal Age
Turkalibx
4:20 Loom
16:46 Feudal Age
20:39 Castle Age
19:31 Double-Bit Axe
19:55 Scale Barding Armor
20:38 Horse Collar
26:43 Fletching
30:21 Chain Barding Armor
32:18 Wheelbarrow
Meowth
11:23 Loom
13:33 Feudal Age
18:40 Castle Age
17:18 Double-Bit Axe
25:45 Fletching
30:38 Bodkin Arrow
Eevee Queen
4:18 Loom
11:38 Feudal Age
25:52 Castle Age
27:15 Scale Barding Armor
绿油精点眼睛
4:41 Loom
14:17 Feudal Age
19:00 Castle Age
19:00 Double-Bit Axe
19:15 Fishing Lines
26:02 Horse Collar
29:32 Bow Saw
30:48 Pikeman
32:09 Squires
32:15 Town Watch
33:10 Scale Mail Armor
Connection lost

Rejoining the realm…

Still unreachable

The connection could not be restored.

Session expired

The server has moved on; the page needs a fresh start.